 Dungeon Crawl Stone Soup version 0.16-a0-967-g37ceb3c (webtiles) character file.

1355 Foahim the Shield-Bearer (level 8, 0/61 HPs)
             Began as a Human Fighter on Sept 24, 2014.
             Was an Initiate of the Shining One.
             Slain by an ogre
             ... wielding a +0 giant spiked club
              (13 damage)
             ... on Level 6 of the Dungeon on Oct 2, 2014.
             The game lasted 00:23:44 (4203 turns).

Foahim the Shield-Bearer (Human Fighter)            Turns: 4203, Time: 00:23:45

HP   0/61        AC 11     Str 18      XL: 8   Next: 95%
MP   8/8         EV  5     Int  9      God: the Shining One [......]
Gold 165         SH 10     Dex 13      Spells:  0 memorised,  7 levels left

rFire  . . .     SeeInvis .     a - +0 long sword (curse)
rCold  . . .     Clarity  .     j - +0 chain mail
rNeg   . . .     rCorr    .     c - +0 shield
rPois  .         rRot     .     s - +0 helmet
rElec  .         Spirit   .     (no cloak)
SustAb .         Warding  .     (no gloves)
rMut   .         Stasis   .     (no boots)
Gourm  .                        (no amulet)
MR     .....                    (no ring)
                                (no ring)

@: not resistant to hostile enchantments, extremely unstealthy
A: no striking features
a: Renounce Religion


You were on level 6 of the Dungeon.
You worshipped the Shining One.
The Shining One was noncommittal.
You were not hungry.

You visited 2 branches of the dungeon, and saw 7 of its levels.

You collected 165 gold pieces.

Inventory:

Hand weapons
 a - a cursed +0 long sword (weapon)
Armour
 c - a +0 shield (worn)
 g - a +0 leather armour of fire resistance
 j - a +0 chain mail (worn)
 s - a +0 helmet (worn)
Magical devices
 k - a wand of confusion (0)
Comestibles
 d - a bread ration
 p - a meat ration
 r - 3 fruits
 x - 3 royal jellies
Scrolls
 f - 2 scrolls of fog {unknown}
 h - a scroll of enchant weapon {unknown}
 i - 6 scrolls of remove curse {unknown}
 n - 3 scrolls of blinking {unknown}
 o - 11 scrolls of identify {unknown}
 q - 3 scrolls of amnesia {unknown}
 t - a scroll of magic mapping {unknown}
 u - a scroll of recharging {unknown}
 w - a scroll of random uselessness {unknown}
Potions
 b - a potion of flight {unknown}
 e - a potion of porridge
 l - a potion of confusion {unknown}
 m - a potion of lignification
 v - 2 potions of berserk rage {unknown}


   Skills:
 + Level 4.8 Fighting
 + Level 5.1 Long Blades
 + Level 5.0 Armour
 + Level 4.7 Dodging
 + Level 0.9 Stealth
 + Level 5.9 Shields


You had 7 spell levels left.
You didn't know any spells.

Dungeon Overview and Level Annotations

Branches:
Dungeon (6/15)             Temple (1/1) D:5

Altars:
Ashenzari
Cheibriados
Dithmenos
Kikubaaqudgha
Makhleb
Nemelex Xobeh
Okawaru
Ru
Trog
Vehumet
Xom
Yredelemnul
Zin
The Shining One


Message History

You barely miss the ogre. You block the ogre's attack.
Your chain mail prevents you from hitting the ogre.
You block the ogre's attack.
You hit the ogre.
The ogre is lightly wounded.
The ogre closely misses you.
You hit the ogre.
The ogre is moderately wounded.
The ogre barely misses you.
You hit the ogre.
The ogre is moderately wounded.
The ogre hits you but does no damage.
You hit the ogre.
The ogre is heavily wounded.
The ogre hits you with a giant spiked club!
* * * LOW HITPOINT WARNING * * *
You slash the ogre!
The ogre is severely wounded.
The ogre hits you with a giant spiked club!
You die...

######
############.....#
.......+....#.....+
........#....@.....#
.........#....#O....#
........##'####.....#
........##....#.....#
.........'>....#.....#
####+####'##....+.....#
...........#....#.....
...........####+#....
..................


You could see an ogre.

Vanquished Creatures
  Grinder (D:4)
  Prince Ribbit (D:4)
  Edmund (D:5)
  Menkaure (D:4)
  An ice beast (D:5)
  A jelly (D:5)
  A crimson imp (Temple)
  An orc priest (D:3)
  9 worker ants
  An iguana (D:6)
  Ijyb (D:2)
  Terence (D:2)
  A gnoll (D:1)
  5 adders
  A shadow imp (D:5)
  3 worms
  5 giant geckos
  An ooze (D:1)
  13 orcs
  4 ball pythons
  7 giant cockroaches
  12 goblins
  13 hobgoblins
  2 quokkas
  7 bats
  6 giant newts
  A goblin skeleton (D:4)
  12 kobolds
  14 rats
  A spectral orc (D:6)
128 creatures vanquished.

Notes
Turn   | Place    | Note
--------------------------------------------------------------
     0 | D:1      | Foahim, the Human Fighter, began the quest for the Orb.
     0 | D:1      | Reached XP level 1. HP: 18/18 MP: 1/1
   150 | D:1      | Reached XP level 2. HP: 20/24 MP: 2/2
   255 | D:1      | Reached XP level 3. HP: 14/29 MP: 3/3
   467 | D:1      | Reached skill level 1 in Dodging
   619 | D:2      | Noticed Ijyb
   631 | D:2      | Killed Ijyb
   631 | D:2      | Reached XP level 4. HP: 21/35 MP: 4/4
   736 | D:2      | Noticed Terence
   776 | D:2      | Killed Terence
  1060 | D:2      | Reached XP level 5. HP: 39/41 MP: 5/5
  1548 | D:3      | Reached skill level 4 in Shields
  1917 | D:3      | Reached XP level 6. HP: 36/47 MP: 6/6
  2490 | D:4      | Noticed Menkaure
  2506 | D:4      | Killed Menkaure
  2506 | D:4      | Reached XP level 7. HP: 20/53 MP: 7/7
  2516 | D:4      | Found an iron altar of Okawaru.
  2577 | D:4      | Noticed Prince Ribbit
  2579 | D:4      | Upgraded the game from 0.16-a0-764-g7febf84 to 0.16-a0-967-g37ceb3c
  2643 | D:4      | HP: 1/53 [Prince Ribbit (10)]
  2664 | D:4      | Killed Prince Ribbit
  2664 | D:4      | Reached skill level 5 in Shields
  2696 | D:4      | Noticed Grinder
  2707 | D:4      | Paralysed by Grinder for 6 turns
  2781 | D:4      | HP: 2/54 [Grinder (4)]
  2783 | D:4      | Killed Grinder
  2783 | D:4      | Reached XP level 8. HP: 2/60 MP: 8/8
  3282 | D:5      | Entered Level 5 of the Dungeon
  3332 | D:5      | Found a staircase to the Ecumenical Temple.
  3358 | D:5      | Noticed Edmund
  3361 | Temple   | Entered the Ecumenical Temple
  3453 | Temple   | Became a worshipper of the Shining One
  3500 | D:5      | Killed Edmund
  3907 | D:5      | Reached skill level 5 in Long Blades
  4081 | D:6      | Found a basalt altar of Yredelemnul.
  4153 | D:6      | Reached skill level 5 in Armour
  4203 | D:6      | Slain by an ogre

Action                   |  1- 3 |  4- 6 |  7- 9 || total
-------------------------+-------+-------+-------++-------
Melee: Long sword        |   119 |   251 |   260 ||   630
  Use: Potion            |     1 |       |     6 ||     7
  Eat: Bread ration      |       |     2 |     1 ||     3
